 Dungeon Crawl Stone Soup version 0.22-a0-422-g9628fc8 (webtiles) character file.

23 Veiltonx the Chucker (level 3, -5/55 HPs)
             Began as an Ogre Hunter on May 18, 2018.
             Slain by a scorpion (8 damage)
             ... on level 2 of the Dungeon.
             The game lasted 00:05:28 (750 turns).

Veiltonx the Chucker (Ogre Hunter)                   Turns: 750, Time: 00:05:28

Health: -5/55      AC:  3    Str: 22    XL:     3   Next: 0%
Magic:  3/3        EV: 10    Int: 12    God:
Gold:   77         SH:  0    Dex:  9    Spells: 2/2 levels left

rFire    . . .     SeeInvis .   e - +0 whip
rCold    . . .     Gourm    .   (no shield)
rNeg     . . .     Faith    .   b - +0 robe
rPois    .         Spirit   .   (helmet restricted)
rElec    .         Reflect  .   (no cloak)
rCorr    .         Harm     .   (gloves unavailable)
MR       .....                  (boots unavailable)
Stlth    ..........             (no amulet)
HPRegen  0.18/turn              j - ring of flight
MPRegen  0.08/turn              (no ring)

@: berserking, lethally poisoned (-5 -> -13), very quick
A: large, unfitting armour, tough skin 1
a: Evoke Flight


You were on level 2 of the Dungeon.
You were not hungry.

You visited 1 branch of the dungeon, and saw 2 of its levels.

You collected 77 gold pieces.

Inventory:

Hand Weapons
 e - a +0 whip (weapon)
 i - a +0 mace
Missiles
 d - 2 throwing nets (quivered)
Armour
 b - a +0 robe (worn)
Jewellery
 j - a ring of flight (left hand)
Scrolls
 a - a scroll of teleportation
 k - a scroll of immolation {unknown}
 l - 3 scrolls of identify {unknown}
Comestibles
 f - a ration


   Skills:
 * Level 3.6 Fighting
 * Level 0.4 Maces & Flails
 + Level 4.2 Throwing
 - Level 2.0 Dodging
 - Level 1.0 Stealth


You had 2 spell levels left.
You didn't know any spells.
Your spell library was empty.

Dungeon Overview and Level Annotations

Branches:
Dungeon (2/15)

Altars:


Innate Abilities, Weirdness & Mutations

You are too large for most types of armour.
You have tough skin. (AC +1)


Message History

You feel sick.
Unknown command.
* * * LOW HITPOINT WARNING * * *
You feel sick.
You see here a brown potion.
c - a brown potion
* * * LOW HITPOINT WARNING * * *
You feel sick. The scorpion barely misses you.
It was a potion of berserk rage.
A red film seems to cover your vision as you go berserk!
You feel yourself moving faster!
You feel mighty!
* * * LOW HITPOINT WARNING * * *
You feel sick. The scorpion stings you.
* * * LOW HITPOINT WARNING * * *
The hobgoblin hits you but does no damage.
You whack the scorpion!
The scorpion is heavily wounded.
* * * LOW HITPOINT WARNING * * *
You feel sick. The scorpion stings you!
You die...

#<# #.# #.# #.#
#.####### #....[..#
#######.# #########
#(# #)......#
##.#####.###@#####.#
...........gs.).....
.#)####.%##(####.#..
###.##.###...
#......(......
#.##.#.##....#
......#.# ...!
####.###.# #.# ...
..# .


You could see a scorpion and a hobgoblin.

Vanquished Creatures
  2 dart slugs (D:1)
  2 goblins (D:1)
  6 hobgoblins (D:1)
  3 bats
  A frilled lizard (D:1)
  A kobold (D:1)
  4 rats (D:1)
19 creatures vanquished.

Notes
Turn   | Place    | Note
-------+----------+-------------------------------------------
     0 | D:1      | Veiltonx the Ogre Hunter began the quest for the Orb.
     0 | D:1      | Reached XP level 1. HP: 22/22 MP: 1/1
   157 | D:1      | Reached XP level 2. HP: 23/31 MP: 2/2
   256 | D:1      | Reached skill level 1 in Stealth
   643 | D:1      | HP: 1/31 [hobgoblin/club (4)]
   732 | D:2      | Noticed a scorpion
   739 | D:2      | Reached XP level 3. HP: 35/37 MP: 3/3
   741 | D:2      | HP: 1/37 [scorpion (6)]
   750 | D:2      | Slain by a scorpion

Vault maps used:
D:1:      co_arrival_random_square_maze
D:2:      first_ration, grunt_ministairs_14

Skill      XL: |  1  2 |
---------------+-------+-----
Fighting       | 3 |  3.6
Dodging        | 2 |  2.0
Stealth        | 1 |  1.0
Maces & Flails | |  0.4
Throwing       | |  4.2

Action                   || total
-------------------------++-------
Melee: Short sword       ||    29
       Whip              ||    40
       Club              ||    17
Throw: Large rock        ||    16
       Throwing net      ||     2
  Use: Scroll            ||     4
       Potion            ||     3
 Stab: Sleeping          ||     1
Armor: Robe              ||    48
Dodge: Dodged            ||    92

Table legend:
 A = Spawn XP
 B = Non-spawn XP
 C = Spawn XP percentage of total XP
 D = Spawn monster count
 E = Non-spawn monster count
 F = Spawn count percentage of total count
 G = Total turns spent on level
                    A         B        C        D         E        F      G
               +---------+---------+-------+---------+---------+-------+---------
         Total |       0 |      34 |   0.0 |       0 |      19 |   0.0 |   750
               +---------+---------+-------+---------+---------+-------+---------
           D:1 |       0 |      32 |   0.0 |       0 |      18 |   0.0 |   713
           D:2 |       0 |       2 |   0.0 |       0 |       1 |   0.0 |    37
               +---------+---------+-------+---------+---------+-------+---------
